 Dungeon Crawl Stone Soup version 0.30-a0-946-gec5dcfc036 (console) character file.

Game seed: 15496701781774545506

44 utis the Caller (level 3, 0/20 HPs)
             Began as a Tengu Wanderer on Mar 26, 2023.
             Killed by divine providence
             ... invoked by an orc priest
              (17 damage)
             ... on level 2 of the Dungeon.
             The game lasted 00:03:13 (1196 turns).

utis the Caller (Tengu Wanderer)                    Turns: 1196, Time: 00:03:14

Health: 0/20       AC:  3    Str: 13    XL:     3   Next: 60%
Magic:  7/7        EV: 11    Int: 15    God:
Gold:   81         SH:  0    Dex: 11    Spells: 5/6 levels left

rFire   . . .      SeeInvis .    a - +2 dagger (venom)
rCold   . . .      Faith    .    (no shield)
rNeg    . . .      Spirit   .    k - +0 leather armour
rPois   .          Reflect  .    (helmet restricted)
rElec   .          Rampage  .    (no cloak)
rCorr   .                        (no gloves)
Will    .....                    (boots unavailable)
Stlth   +                        (no amulet)
HPRegen 0.23/turn                (no ring)
MPRegen 0.10/turn                (no ring)

@: no status effects
A: beak, talons 3
a: no special abilities


You were on level 2 of the Dungeon.
You visited 1 branch of the dungeon, and saw 2 of its levels.

You collected 81 gold pieces.

Inventory:

Hand Weapons
 a - a +2 dagger of venom (weapon)
 g - a +0 dagger
Missiles
 b - 6 boomerangs
 f - 42 stones
Armour
 d - a +0 robe
 k - a +0 leather armour (worn)
Scrolls
 i - 2 scrolls of identify {unknown}
 l - a scroll of brand weapon {unknown}
 m - a scroll of magic mapping {unknown}
Potions
 c - a potion of attraction
 e - a potion of haste {unknown}
 h - a potion of magic {unknown}
 j - a potion of curing {unknown}


   Skills:
 + Level 1.5 Fighting
 - Level 2.0 Throwing
 + Level 1.6 Dodging
 - Level 2.0 Spellcasting
 - Level 3.0 Conjurations
 - Level 3.6 Summonings
 + Level 2.1 Air Magic
 - Level 1.0 Evocations


You had 5 spell levels left.
You knew the following spells:

 Your Spells              Type           Power      Damage    Failure   Level
z - Shock                 Conj/Air       36%        1d5       10%         1

Your spell library contained the following spells:

 Spells                   Type           Power      Damage    Failure   Level
 Summon Small Mammal      Summ           48%        N/A       6%          1
 Kiss of Death            Conj/Necr      24%        2d7       16%         1
 Static Discharge         Conj/Air       18%        2-3/arc   16%         2
 Call Canine Familiar     Summ           12%        N/A       19%         3


Dungeon Overview and Level Annotations

Branches:
Dungeon (2/15)

Altars:


Innate Abilities, Weirdness & Mutations

You have a beak for a mouth.
You have claws for feet.


Message History

The orc moves out of view.
An orc comes into view. It is wielding a +0 mace.
There are monsters nearby!
The orc shouts!
An orc priest comes into view. It is wielding a +0 dagger.
You start waiting.
An orc priest is nearby!
You start waiting.
An orc is nearby!
You hit the orc.
The orc is poisoned.
The orc is severely wounded.
You barely miss the orc. You claw the orc, but do no damage.
Your peck misses the orc.
You kill the orc!
You closely miss the orc. The orc hits you but does no damage.
You hit the orc.
The orc is poisoned.
You claw the orc.
You kill the orc!
You hit the orc.
The orc is poisoned.
You claw the orc. Your peck misses the orc.
The orc is severely wounded.
The orc barely misses you.
You closely miss the orc.
The orc is severely wounded.
You kill the orc!
The orc priest barely misses you.
You hit the orc priest.
The orc priest is poisoned.
You claw the orc priest. Your peck misses the orc priest.
The orc priest is severely wounded.
The orc priest hits you with a +0 dagger.
You closely miss the orc priest.
You claw the orc priest, but do no damage.
You peck the orc priest.
The orc priest is severely wounded.
The orc priest hits you with a +0 dagger.
You hit the orc priest.
The orc priest looks as sick as possible!
Your peck misses the orc priest.
The orc priest is almost dead.
The orc priest invokes the aid of Beogh against you.
Beogh smites you!
Ouch! That really hurt!
You die...

. ░░░░░░ ...... ░░░░░░
░░░░░░░░░░░░░░░
░.............░ ░░░░
░............Q░ .€...
░...........o)░░....oo
░............†).....oo
░░░░..............€......
............)............
░░░░.....................
░..............➘......
░.............░░......
░░░░░░░..░░░░░░ ░.....


You could see an orc priest (extremely poisoned).

Vanquished Creatures
  An adder (D:2)
  A worm (D:2)
  2 dart slugs
  3 orcs (D:2)
  A giant cockroach (D:2)
  2 goblins (D:1)
  2 hobgoblins
  2 jackals (D:1)
  2 ball pythons
  A bat (D:2)
  3 frilled lizards (D:1)
  4 kobolds
  3 rats
27 creatures vanquished.

Notes
Turn   | Place    | Note
-------+----------+-------------------------------------------
     0 | D:1      | utis the Tengu Wanderer began the quest for the Orb.
     0 | D:1      | utis set off with the following items: a +0 dagger, 6
                  | boomerangs, a potion of attraction, a +0 robe; and the
                  | following spells available to memorise: Summon Small
                  | Mammal, Kiss of Death, Shock, Call Canine Familiar, Static
                  | Discharge.
     0 | D:1      | Reached XP level 1. HP: 10/10 MP: 4/4
     2 | D:1      | Learned a level 1 spell: Shock
   213 | D:1      | Reached skill level 1 in Air Magic
   213 | D:1      | Reached XP level 2. HP: 16/16 MP: 4/6
   470 | D:1      | Reached skill level 1 in Dodging
   473 | D:1      | Found a faded altar of an unknown god.
   732 | D:2      | Reached skill level 1 in Fighting
   851 | D:2      | Reached XP level 3. HP: 10/20 MP: 7/7
  1196 | D:2      | Killed from afar by an orc priest

Illustrated notes

Levels and vault maps discovered:
D:1:      minmay_arrival_checkered_box, layout_loops_ring,
          ebering_ecumenical_altar_mist
D:2:      layout_basic

Skill      XL: |  1  2  3 |
---------------+----------+-----
Conjurations   | 3 |  3.0
Air Magic      | 1 2 |  2.1
Dodging        | 1 |  1.6
Fighting       | 1 |  1.5
Throwing       | |  2.0
Spellcasting   | |  2.0
Summonings     | |  3.6
Evocations     | |  1.0

Action                     || total
---------------------------++-------
  Melee: Dagger            ||    51
         Kick              ||    14
         Peck              ||     4
  Throw: Boomerang         ||     3
   Cast: Shock             ||     4
 Armour: Leather armour    ||    13
  Dodge: Dodged            ||    20

Table legend: (Time is in decaauts)
 A = Elapsed time spent in this place.
 B = Non-inter-level travel time spent in this place.
 C = Inter-level travel time spent in this place.
 D = Time resting spent in this place.
 E = Time spent auto-exploring this place.
 F = Levels seen in this place.
 G = Mean time per level.
                   A        B        C        D        E       F      G
               +--------+--------+--------+--------+--------+-----+--------+
         Total |   1195 |   1164 |     31 |    136 |    839 |   2 |  597.5 |
       Dungeon |   1195 |   1164 |     31 |    136 |    839 |   2 |  597.5 |
               +--------+--------+--------+--------+--------+-----+--------+

Top non-repeatable levels by time:
     D:1: 704 daAuts
     D:2: 491 daAuts
